 Dungeon Crawl Stone Soup version 0.29-a0-121-g8efb068a30 (webtiles) character file.

Game seed: 15530696403769910152

2005 drugrobin the Spear-Bearer (level 8, 0/60 HPs)
             Began as a Demigod Warper on Feb 21, 2022.
             Slain by a hornet (11 damage)
             ... while paralysed by a hornet
             ... on level 7 of the Dungeon.
             The game lasted 00:29:33 (12111 turns).

drugrobin the Spear-Bearer (Demigod Warper)        Turns: 12111, Time: 00:29:34

Health: 0/60       AC:  5    Str: 20    XL:     8   Next: 71%
Magic:  11/13      EV:  2    Int: 15    God:
Gold:   373        SH:  0    Dex: 19    Spells: 2/10 levels left

rFire   . . .      SeeInvis .   a - +4 spear
rCold   . . .      Faith    .   (no shield)
rNeg    . . .      Spirit   .   C - +0 leather armour
rPois   .          Reflect  .   z - +0 helmet
rElec   .          Harm     .   (no cloak)
rCorr   .          Rampage  .   (no gloves)
Will    +....                   F - +0 pair of boots
Stlth   ++........              (no amulet)
HPRegen 0.20/turn               v - ring of willpower
MPRegen 0.13/turn               H - +6 ring of dexterity

@: paralysed, slowed
A: high MP 1, forlorn, divine attributes
a: no special abilities


You were on level 7 of the Dungeon.
You visited 1 branch of the dungeon, and saw 7 of its levels.

You collected 373 gold pieces.

Inventory:

Hand Weapons
 a - a +4 spear (weapon)
 b - a +0 hunting sling
Missiles
 d - 3 boomerangs of dispersal
 e - 9 poisoned darts
 k - 51 arrows
 r - 173 stones
 s - 4 javelins (quivered)
 x - 93 sling bullets
 y - 7 datura-tipped darts
 K - 2 boomerangs
Armour
 z - a +0 helmet (worn)
 C - a +0 leather armour (worn)
 F - a +0 pair of boots (worn)
Magical Staves
 L - a staff of death
Jewellery
 v - a ring of willpower (left hand)
 D - a ring of poison resistance
 H - a +6 ring of dexterity (right hand)
Wands
 p - a wand of acid (6)
Scrolls
 c - 3 scrolls of blinking
 g - a scroll of magic mapping {unknown}
 h - a scroll of immolation {unknown}
 i - 4 scrolls of identify {unknown}
 m - a scroll of fog {unknown}
 n - 2 scrolls of brand weapon {unknown}
 t - 5 scrolls of teleportation {unknown}
 w - a scroll of enchant weapon {unknown}
 G - a scroll of amnesia {unknown}
 J - a scroll of silence {unknown}
Potions
 f - 2 potions of attraction {unknown}
 j - a potion of magic {unknown}
 l - 2 potions of lignification {unknown}
 o - a potion of flight {unknown}
 u - a potion of mutation {unknown}
 A - 3 potions of degeneration {unknown}
 B - a potion of invisibility {unknown}
 E - 2 potions of berserk rage {unknown}
 I - 2 potions of curing {unknown}


   Skills:
 - Level 1.7 Fighting
 + Level 8.6 Polearms
 - Level 0.8 Throwing
 - Level 0.8 Armour
 - Level 1.7 Dodging
 - Level 2.0 Stealth
 - Level 1.7 Spellcasting
 - Level 7.0 Translocations


You had 2 spell levels left.
You knew the following spells:

 Your Spells              Type           Power      Damage    Failure   Level
a - Blink                 Tloc           44%        N/A       2%          2
b - Teleport Other        Tloc           22%        N/A       4%          3
c - Gell's Gravitas       Tloc           22%        N/A       4%          3

Your spell library contained the following spells:

 Spells                   Type           Power      Damage    Failure   Level
 Magic Dart               Conj           4%         1d3       26%         1
 Call Imp                 Summ           1%         N/A       38%         2
 Lesser Beckoning         Tloc           22%        N/A       4%          3
 Manifold Assault         Tloc           22%        N/A       38%         5
 Mephitic Cloud           Conj/Pois/Air  1%         N/A       63%         3


Dungeon Overview and Level Annotations

Branches:
Dungeon (7/15)             Temple (0/1) D:4

Shops:
D:2 (   D:4 *

Annotations:
D:2 Grinder
D:6 Dowan
D:7 exclusion: hornet


Innate Abilities, Weirdness & Mutations

You have an increased reservoir of magic. (+10% MP)
You shall have no god before yourself.
Your divine heritage dramatically boosts your attributes as you level up.


Message History

Unknown command.
Casting: Blink (safe; 2% risk of failure)
Confirm with . or Enter, or press ? or * to list all spells.
You blink.
Throw: 10 darts (poison)
Press: ? - help, Shift-Dir - straight line, f/p - hornet
Aim: a hornet (moderately wounded, poisoned, 46% to hit)
You throw a poisoned dart. The poisoned dart hits the hornet.
The hornet is moderately wounded.
The hornet looks more healthy.
Unknown command.
Unknown command.
Casting: Blink (safe; 2% risk of failure)
Confirm with . or Enter, or press ? or * to list all spells.
You are still too unstable to blink.
Unknown command.
Throw: 5 boomerangs (disperse)
Press: ? - help, Shift-Dir - straight line, f/p - hornet
Aim: a hornet (moderately wounded, 46% to hit)
You throw a boomerang of dispersal.
The boomerang of dispersal hits the hornet but does no damage.
The hornet is moderately wounded.
The hornet stings you!
You feel yourself slow down.
The hornet stings you but does no damage.
Unknown command.
Throw: 4 boomerangs (disperse)
Press: ? - help, Shift-Dir - straight line, f/p - hornet
Aim: a hornet (moderately wounded, 46% to hit)
You throw a boomerang of dispersal.
The boomerang of dispersal hits the hornet but does no damage.
The hornet is moderately wounded.
You feel stable enough to blink again. The hornet stings you!
You suddenly lose the ability to move!
The hornet stings you.
You feel as though you will be slow longer.
The hornet stings you!
* * * LOW HITPOINT WARNING * * *
You feel as though you will be slow longer.
The hornet stings you!
You die...

.'..........#.....'..........#
##.........######.#..........#
..................##..########
...........##.....##..#
...........##.....###.#
.....#'######.....# #.##
.....#.# ###(....###..#
.....#.# #.....[....#.##
.....#.####..(..@....#..#
.....#.......(.y.....##.##
.....#........(......##..#
######...............##..#
#...............##..#
#..........!...####.##
##:..#.........# #.>#
#####.........# ##.#
#.........# #.#


You could see a hornet.

Vanquished Creatures
  Menkaure (D:5)
  Duvessa (D:7)
  An ice beast (D:4)
  2 necrophages
  An ogre (D:5)
  A phantom (D:5)
  A kobold brigand (D:7)
  A bullfrog (D:7)
  A scorpion (D:6)
  A water moccasin zombie (D:3)
  A water moccasin skeleton (D:6)
  2 wights (D:7)
  4 killer bees (D:7)
  2 howler monkeys
  A centaur zombie (D:7)
  2 jellies
  A bullfrog zombie (D:7)
  6 hounds
  2 gnoll shamans
  A bullfrog skeleton (D:5)
  An orc priest (D:6)
  2 iguanas
  An orc wizard (D:6)
  6 gnolls
  2 howler monkey skeletons
  6 adders
  A shadow imp (D:6)
  2 white imps
  3 ufetubi (D:5)
  A worm (D:3)
  5 dart slugs
  5 orcs
  5 endoplasms
  5 giant cockroaches
  5 goblins
  6 hobgoblins
  9 kobolds
  3 quokkas
  2 ball pythons
  4 bats
  3 frilled lizards
  6 rats
116 creatures vanquished.

Notes
Turn   | Place    | Note
-------+----------+-------------------------------------------
     0 | D:1      | drugrobin the Demigod Warper began the quest for the Orb.
     0 | D:1      | Reached XP level 1. HP: 17/17 MP: 5/5
   499 | D:1      | Reached skill level 2 in Polearms
   802 | D:1      | Reached XP level 2. HP: 19/24 MP: 7/7
   949 | D:1      | Reached skill level 1 in Stealth
  1030 | D:1      | You fall into a shaft and drop 1 floor!
  1101 | D:2      | Learned a level 2 spell: Blink
  1410 | D:2      | Reached XP level 3. HP: 29/29 MP: 8/8
  1475 | D:2      | Found Byogytij's Antique Weapon Shop.
  2176 | D:3      | Noticed Grinder
  2492 | D:2      | Learned a level 3 spell: Teleport Other
  2547 | D:2      | Paralysed by Grinder for 6 turns
  3075 | D:3      | Reached XP level 4. HP: 35/36 MP: 9/9
  3290 | D:3      | Reached skill level 3 in Polearms
  3636 | D:4      | Found a staircase to the Ecumenical Temple.
  3891 | D:4      | Reached XP level 5. HP: 17/41 MP: 10/10
  5188 | D:4      | Noticed an ice beast
  5199 | D:4      | Found Lepaigga's Mayhem Merchandise.
  5249 | D:4      | Noticed a black bear
  5261 | D:4      | Reached skill level 4 in Polearms
  6001 | D:4      | Killed an ice beast
  6002 | D:4      | Reached XP level 6. HP: 18/48 MP: 8/11
  6373 | D:5      | Entered Level 5 of the Dungeon
  6550 | D:4      | Reached skill level 5 in Translocations
  7001 | D:5      | Reached skill level 5 in Polearms
  7166 | D:5      | Reached XP level 7. HP: 50/53 MP: 12/12
  7550 | D:5      | Noticed Menkaure
  8309 | D:6      | Reached skill level 6 in Polearms
  9564 | D:5      | Killed Menkaure
  9565 | D:5      | Reached XP level 8. HP: 60/60 MP: 13/13
  9731 | D:5      | Learned a level 3 spell: Gell's Gravitas
 10055 | D:7      | Noticed Duvessa
 10056 | D:7      | Noticed Dowan
 10070 | D:7      | Reached skill level 7 in Polearms
 10986 | D:7      | Killed Duvessa
 11417 | D:7      | Reached skill level 8 in Polearms
 11553 | D:7      | Noticed a hornet
 11732 | D:7      | HP: 3/60 [poisoned by a killer bee]
 11737 | D:7      | HP: 2/60 [killer bee (6)]
 11746 | D:7      | HP: 3/60 [poisoned by a killer bee]
 12110 | D:7      | Paralysed by a hornet for 3 turns
 12111 | D:7      | Slain by a hornet

Illustrated notes

Levels and vault maps discovered:
D:1:      saegor_arrival_under_anarchy, layout_loops_ring
D:2:      layout_loops_corners, serial_shops, nicolae_shop_overgrown_old_shop,
          shapermc_ecumenical_altar_starsandcircs, minmay_misc_feat_iff,
          minivault_11, serial_bayou_pond_a
D:3:      layout_loops_ring, kennysheep_pointless_box, uniq_grinder
D:4:      layout_loops_ring, minmay_temple_entry_wispy, chequers_garden,
          minmay_shop_mayhem, kennysheep_generic_room_13
D:5:      layout_gridville, uniq_menkaure
D:6:      layout_gridville
D:7:      layout_basic, water_boxes_lemuel, uniq_duvessa

Skill      XL: |  1  2  3  4  5  6  7  8 |
---------------+-------------------------+-----
Polearms       | 2 3 4 5 6 8 |  8.6
Stealth        | 1 2 |  2.0
Translocations | 3 4 5 6 7 |  7.0
Fighting       | |  1.7
Throwing       | |  0.8
Armour         | |  0.8
Dodging        | |  1.7
Spellcasting   | |  1.7

Action                   |  1- 3 |  4- 6 |  7- 9 || total
-------------------------+-------+-------+-------++-------
Melee: Spear             |   149 |   115 |   244 ||   508
       Punch             |       |     1 |     2 ||     3
 Fire: Hunting sling     |       |    38 |    44 ||    82
Throw: Dart              |     2 |     8 |    15 ||    25
       Javelin           |     7 |    11 |     3 ||    21
       Boomerang         |       |       |     2 ||     2
 Cast: Blink             |     1 |    27 |    19 ||    47
       Teleport Other    |       |       |     5 ||     5
       Gell's Gravitas   |       |       |     3 ||     3
Evoke: Wand              |       |     1 |     2 ||     3
  Use: Potion            |       |       |     2 ||     2
       Scroll            |       |       |     1 ||     1
 Stab: Sleeping          |     7 |       |     6 ||    13
Armor: Leather armour    |    27 |    24 |    44 ||    95
Dodge: Dodged            |    64 |    53 |    96 ||   213

Table legend: (Time is in decaauts)
 A = Elapsed time spent in this place.
 B = Non-inter-level travel time spent in this place.
 C = Inter-level travel time spent in this place.
 D = Time resting spent in this place.
 E = Time spent auto-exploring this place.
 F = Levels seen in this place.
 G = Mean time per level.
                   A        B        C        D        E       F      G
               +--------+--------+--------+--------+--------+-----+--------+
         Total |  12063 |  11505 |    558 |   3493 |   5376 |   7 | 1723.3 |
       Dungeon |  12063 |  11505 |    558 |   3493 |   5376 |   7 | 1723.3 |
               +--------+--------+--------+--------+--------+-----+--------+

Top non-repeatable levels by time:
     D:6: 2264 daAuts
     D:5: 2125 daAuts
     D:3: 2098 daAuts
     D:4: 2069 daAuts
     D:2: 1426 daAuts
     D:7: 1050 daAuts
     D:1: 1030 daAuts
